 Dungeon Crawl Stone Soup version 0.27.1-33-g824d729ab1 (webtiles) character file.

Game seed: 11970175201194606677

2 zeram the Sneak (level 1, -1/9 HPs)
             Began as a Spriggan Venom Mage on Dec 2, 2021.
             Slain by a quokka (4 damage)
             ... on level 1 of the Dungeon.
             The game lasted 00:00:36 (113 turns).

zeram the Sneak (Spriggan Venom Mage)                Turns: 113, Time: 00:00:37

Health: -1/9       AC:  2    Str:  4    XL:     1   Next: 25%
Magic:  1/5        EV: 17    Int: 16    God:
Gold:   27         SH:  0    Dex: 15    Spells: 4/5 levels left

rFire    . . .     SeeInvis +   b - +0 dagger
rCold    . . .     Faith    .   (shield restricted)
rNeg     . . .     Spirit   .   a - +0 robe
rPois    .         Reflect  .   (helmet restricted)
rElec    .         Harm     .   (no cloak)
rCorr    .         Rampage  .   (gloves unavailable)
Will     .....                  (boots unavailable)
Stlth    ++........             (no amulet)
HPRegen  0.03/turn              (no ring)
MPRegen  0.09/turn              (no ring)

@: very quick
A: very small, no large weapons, unfitting armour, see invisible, speed 3
a: no special abilities


You were on level 1 of the Dungeon.
You visited 1 branch of the dungeon, and saw 1 of its levels.

You collected 27 gold pieces.

Inventory:

Hand Weapons
 b - a +0 dagger (weapon)
Armour
 a - a +0 robe (worn)


   Skills:
 + Level 2.8 Dodging
 - Level 3.0 Stealth
 + Level 2.8 Spellcasting
 - Level 1.3 Transmutations
 - Level 3.0 Poison Magic


You had 4 spell levels left.
You knew the following spells:

 Your Spells              Type           Power      Damage    Failure   Level
a - Sting                 Tmut/Pois      36%        1d4       8%          1

Your spell library contained the following spells:

 Spells                   Type           Power      Damage    Failure   Level
 Poisonous Vapours        Pois/Air       14%        N/A       16%         2
 Mephitic Cloud           Conj/Pois/Air  5%         N/A       36%         3
 Olgreb's Toxic Radiance  Pois           11%        N/A       50%         4


Dungeon Overview and Level Annotations

Branches:
Dungeon (1/15)

Altars:


Innate Abilities, Weirdness & Mutations

You are very small and have problems with some larger weapons.
You are too small for most types of armour.
You have supernaturally acute eyesight. (SInv)
You cover ground extremely quickly. (Speed+++)


Message History

You hit the quokka but do no damage.
The quokka is moderately wounded.
The quokka misses you.
You completely miss the quokka.
The quokka is moderately wounded.
The quokka bites you but does no damage.
You hit the quokka.
The quokka is moderately wounded.
The quokka barely misses you.
You barely miss the quokka.
The quokka is moderately wounded.
The quokka completely misses you.
You barely miss the quokka.
The quokka is moderately wounded.
The quokka misses you. The quokka bites you.
You barely miss the quokka.
The quokka is moderately wounded.
The quokka twitches its whiskers.
The quokka misses you.
You hit the quokka but do no damage.
The quokka is moderately wounded.
The quokka bites you.
Casting: Sting (safe; 8% risk of failure)
Confirm with . or Enter, or press ? or * to list all spells.
Aiming: Sting (safe; 8% risk of failure)
Press: ? - help, Shift-Dir - straight line, f/p - quokka
Aim: a quokka (moderately wounded, 56% to hit)
The sting misses the quokka.
The quokka misses you.
Casting: Sting (safe; 8% risk of failure)
Confirm with . or Enter, or press ? or * to list all spells.
Aiming: Sting (safe; 8% risk of failure)
Press: ? - help, Shift-Dir - straight line, f/p - quokka
Aim: a quokka (moderately wounded, 56% to hit)
The sting hits the quokka.
The quokka is poisoned.
The quokka is severely wounded.
The quokka misses you.
You closely miss the quokka.
The quokka is almost dead.
The quokka bites you. x2
You die...

#..# #..# #..###### #
#.(.........
#...###...###
###.......###>##
..)...##.....#.##
##...####.#.###.####.###
#...####..## ##@.......
#........## ##r......
#.#.####..# .......
#.#.# #.#.>. .......
#.#.# #....#.. #......
....# ####... ......
....# ...# $..... ..##
#>.. ...### ## .##


You could see a quokka (poisoned).

Vanquished Creatures
  A goblin (D:1)
  A kobold (D:1)
  A rat (D:1)
3 creatures vanquished.

Notes
Turn   | Place    | Note
-------+----------+-------------------------------------------
     0 | D:1      | zeram the Spriggan Venom Mage began the quest for the Orb.
     0 | D:1      | Reached XP level 1. HP: 9/9 MP: 5/5
   113 | D:1      | Slain by a quokka

Illustrated notes

Levels and vault maps discovered:
D:1:      amcnicky_arrival_single_pillar, layout_loops_ring,
          shapermc_ecumenical_altar_mp_urbaneastern, skrybe_limestone_x

Action                   || total
-------------------------++-------
Melee: Dagger            ||    14
       Unarmed           ||     1
 Cast: Sting             ||     8
Armor: Robe              ||     1
Dodge: Dodged            ||    19
